PA
WALLA WALLA WALLEYE @ GWINNETT COUNTY BLACK CATS
05/08/2032
 
TOP OF THE 1ST
Walla Walla Walleye batting - Pitching for Gwinnett County Black Cats : RHP Ramón Serrano
Pitching: RHP Ramón Serrano
Batting: RHB Dave Sosa 0-0: Ball
1-0: Ball
2-0: Ball
3-0: Swinging Strike
3-1: Foul Ball, location: 2F
3-2: Foul Ball, location: 2F
3-2: Base on Balls
Batting: LHB Juan Huerta 0-0: Swinging Strike
0-1: Ball
1-1: Ball
2-1: Swinging Strike
2-2: Grounds out, U3 (Groundball, 3L)
Batting: LHB José Román 0-0: Swinging Strike
0-1: Called Strike
0-2: Foul Ball, location: 2F
0-2: Ball
1-2: Strikes out swinging
Batting: RHB Raúl Maradona 0-0: Called Strike
0-1: Called Strike
0-2: Fly out, F4 (Popup, 13)
Top of the 1st over - 0 runs, 0 hits, 0 errors, 1 left on base; Walla Walla 0 - Gwinnett County 0
BOTTOM OF THE 1ST
Gwinnett County Black Cats batting - Pitching for Walla Walla Walleye : LHP Greguorio Espora
Pitching: LHP Greguorio Espora
Batting: RHB Rod Shortall 0-0: Fly out, F8 (Flyball, 8LXD)
Batting: RHB Colm Shapland 0-0: Called Strike
0-1: Foul Ball, location: 2F
0-2: Ball
1-2: Strikes out swinging
Batting: LHB Gilberto Ocasio 0-0: Fly out, F9 (Line Drive, 9)
Bottom of the 1st over - 0 runs, 0 hits, 0 errors, 0 left on base; Walla Walla 0 - Gwinnett County 0
TOP OF THE 2ND
Walla Walla Walleye batting - Pitching for Gwinnett County Black Cats : RHP Ramón Serrano
Batting: RHB Augusto Manuel 0-0: Swinging Strike
0-1: Foul Ball, location: 2F
0-2: Ball
1-2: Ball
2-2: Ground out 4-3 (Groundball, 4)
Batting: RHB Igme Samson 0-0: Ball
1-0: Ball
2-0: Ball
3-0: Base on Balls
Batting: RHB Alejandro Blasco 0-0: DOUBLE (Flyball, 78XD)
Igme Samson to third
Batting: LHB Rurik Elhov 0-0: Ball
1-0: Ball
2-0: 3-RUN HOME RUN (Flyball, 7LD), Distance : 356 ft
Batting: RHB Germán Gracía 0-0: Called Strike
0-1: Foul Ball, location: 2F
0-2: Ball
1-2: Strikes out swinging
Batting: RHB Dave Sosa 0-0: Foul Ball, location: 2F
0-1: Ball
1-1: Swinging Strike
1-2: Ball
2-2: Foul Ball, location: 2F
2-2: Strikes out swinging
Top of the 2nd over - 3 runs, 2 hits, 0 errors, 0 left on base; Walla Walla 3 - Gwinnett County 0
BOTTOM OF THE 2ND
Gwinnett County Black Cats batting - Pitching for Walla Walla Walleye : LHP Greguorio Espora
Batting: RHB Elder Sarrano 0-0: Called Strike
0-1: Foul Ball, location: 2F
0-2: Ball
1-2: Ground out 4-3 (Groundball, 4)
Batting: RHB Juan Nieves 0-0: Ground out 6-3 (Groundball, 6)
Batting: LHB Jesús Guillén 0-0: Ball
1-0: Foul Ball, location: 2F
1-1: Called Strike
1-2: Strikes out looking
Bottom of the 2nd over - 0 runs, 0 hits, 0 errors, 0 left on base; Walla Walla 3 - Gwinnett County 0
TOP OF THE 3RD
Walla Walla Walleye batting - Pitching for Gwinnett County Black Cats : RHP Ramón Serrano
Batting: LHB Juan Huerta 0-0: Ball
1-0: Called Strike
1-1: Foul Ball, location: 2F
1-2: Foul Ball, location: 2F
1-2: SINGLE (Groundball, 3D)
Batting: LHB José Román 0-0: Ball
1-0: Called Strike
1-1: Grounds into double play, 4-6-3 (Groundball, 34)
Batting: RHB Raúl Maradona 0-0: Ball
1-0: Ball
2-0: Swinging Strike
2-1: Ball
3-1: Base on Balls
Batting: RHB Augusto Manuel 0-0: Ball
1-0: Ball
2-0: Ball
3-0: Called Strike
3-1: Swinging Strike
3-2: Foul Ball, location: 2F
3-2: Base on Balls
Raúl Maradona to second
Batting: RHB Igme Samson 0-0: Ball
1-0: Called Strike
1-1: Foul Ball, location: 2F
1-2: Foul Ball, location: 2F
1-2: Foul Ball, location: 2F
1-2: Strikes out swinging
Top of the 3rd over - 0 runs, 1 hit, 0 errors, 2 left on base; Walla Walla 3 - Gwinnett County 0
BOTTOM OF THE 3RD
Gwinnett County Black Cats batting - Pitching for Walla Walla Walleye : LHP Greguorio Espora
Batting: RHB António Avery 0-0: Foul Ball, location: 2F
0-1: Ball
1-1: Foul Ball, location: 2F
1-2: SINGLE (Groundball, 23) (infield hit)
Batting: LHB Collin Tolbert 0-0: Called Strike
0-1: Foul Ball, location: 2F
0-2: Strikes out swinging
Batting: SHB Cameron Yaffe 0-0: Ball
1-0: Ball
2-0: Called Strike
2-1: Grounds into double play, 4-6-3 (Groundball, 4M)
Bottom of the 3rd over - 0 runs, 1 hit, 0 errors, 0 left on base; Walla Walla 3 - Gwinnett County 0
TOP OF THE 4TH
Walla Walla Walleye batting - Pitching for Gwinnett County Black Cats : RHP Ramón Serrano
Batting: RHB Alejandro Blasco 0-0: Ball
1-0: Called Strike
1-1: SINGLE (Line Drive, 8LS)
Batting: LHB Rurik Elhov 0-0: Foul Ball, location: 2F
0-1: Ball
1-1: Fielders Choice at 2nd, 6-4 (Groundball, 6M)
Batting: RHB Germán Gracía 0-0: Ball
1-0: Foul Ball, location: 2F
1-1: Ball
2-1: Foul Ball, location: 2F
2-2: Strikes out swinging
Batting: RHB Dave Sosa 0-0: Foul Ball, location: 2F
0-1: Ball
1-1: Swinging Strike
1-2: Ball
2-2: Foul Ball, location: 2F
2-2: SINGLE (Line Drive, 6MD)
Rurik Elhov to second
Batting: LHB Juan Huerta 0-0: Ground out 4-3 (Groundball, 4)
Top of the 4th over - 0 runs, 2 hits, 0 errors, 2 left on base; Walla Walla 3 - Gwinnett County 0
BOTTOM OF THE 4TH
Gwinnett County Black Cats batting - Pitching for Walla Walla Walleye : LHP Greguorio Espora
Batting: RHB Rod Shortall 0-0: Ball
1-0: Called Strike
1-1: Ball
2-1: Ball
3-1: Foul Ball, location: 2F
3-2: Foul Ball, location: 2F
3-2: Ground out 5-3 (Groundball, 5)
Batting: RHB Colm Shapland 0-0: Ground out 4-3 (Groundball, 4M)
Batting: LHB Gilberto Ocasio 0-0: Called Strike
0-1: Ground out 4-3 (Groundball, 4S)
Bottom of the 4th over - 0 runs, 0 hits, 0 errors, 0 left on base; Walla Walla 3 - Gwinnett County 0
TOP OF THE 5TH
Walla Walla Walleye batting - Pitching for Gwinnett County Black Cats : RHP Ramón Serrano
Batting: LHB José Román 0-0: Ball
1-0: Swinging Strike
1-1: Ball
2-1: Ground out 4-3 (Groundball, 4D)
Batting: RHB Raúl Maradona 0-0: Fly out, F4 (Popup, 4)
Batting: RHB Augusto Manuel 0-0: SINGLE (Groundball, 6MD)
Batting: RHB Igme Samson 0-0: Called Strike
Augusto Manuel is caught stealing 2nd base
Top of the 5th over - 0 runs, 1 hit, 0 errors, 0 left on base; Walla Walla 3 - Gwinnett County 0
BOTTOM OF THE 5TH
Gwinnett County Black Cats batting - Pitching for Walla Walla Walleye : LHP Greguorio Espora
Batting: RHB Elder Sarrano 0-0: Called Strike
0-1: Ball
1-1: Ball
2-1: Ball
3-1: Called Strike
3-2: Base on Balls
Batting: RHB Juan Nieves 0-0: Foul Ball, location: 2F
0-1: Called Strike
0-2: Strikes out swinging
Batting: LHB Jesús Guillén 0-0: Ball
Elder Sarrano is caught stealing 2nd base
1-0: Called Strike
1-1: Ball
2-1: Ball
3-1: DOUBLE (Flyball, 9LD)
Batting: RHB António Avery 0-0: Ball
1-0: Called Strike
1-1: Ball
2-1: SINGLE (Line Drive, 4M)
Jesús Guillén to third
Runner from 3rd tries for Home, SAFE, no throw
Batting: LHB Collin Tolbert 0-0: Called Strike
0-1: Ball
1-1: Ball
2-1: Ball
3-1: Foul Ball, location: 2F
3-2: Fly out, F5 (Line Drive, 56S)
Bottom of the 5th over - 1 run, 2 hits, 0 errors, 1 left on base; Walla Walla 3 - Gwinnett County 1
TOP OF THE 6TH
Walla Walla Walleye batting - Pitching for Gwinnett County Black Cats : RHP Ramón Serrano
Batting: RHB Igme Samson 0-0: Ground out 6-3 (Groundball, 6M)
Batting: RHB Alejandro Blasco 0-0: Ball
1-0: Ball
2-0: Called Strike
2-1: Ball
3-1: Fly out, F3 (Popup, 3D)
Batting: LHB Rurik Elhov 0-0: DOUBLE (Flyball, 89D)
Batting: RHB Germán Gracía 0-0: Foul Ball, location: 2F
0-1: Fly out, F8 (Flyball, 8RD)
Top of the 6th over - 0 runs, 1 hit, 0 errors, 1 left on base; Walla Walla 3 - Gwinnett County 1
BOTTOM OF THE 6TH
Gwinnett County Black Cats batting - Pitching for Walla Walla Walleye : LHP Greguorio Espora
Batting: SHB Cameron Yaffe 0-0: Ball
1-0: Foul Ball, location: 2F
1-1: Swinging Strike
1-2: SINGLE (Flyball, 9LS)
Batting: RHB Rod Shortall 0-0: Ball
1-0: Foul Ball, location: 2F
1-1: Fly out, F3 (Line Drive, 3)
Lined into DP, U3 (Line Drive, 3)
Batting: RHB Colm Shapland 0-0: Called Strike
0-1: DOUBLE (Line Drive, 89D)
Batting: LHB Gilberto Ocasio 0-0: Foul Ball, location: 2F
0-1: Ground out 4-3 (Groundball, 4M)
Bottom of the 6th over - 0 runs, 2 hits, 0 errors, 1 left on base; Walla Walla 3 - Gwinnett County 1
TOP OF THE 7TH
Walla Walla Walleye batting - Pitching for Gwinnett County Black Cats : RHP Ramón Serrano
Batting: RHB Dave Sosa 0-0: Ball
1-0: Foul Ball, location: 2F
1-1: Ball
2-1: Foul Ball, location: 2F
2-2: Ball
3-2: Ground out 4-3 (Groundball, 4)
Batting: LHB Juan Huerta 0-0: Foul Ball, location: 2F
0-1: SINGLE (Line Drive, 6MD)
Pitching: LHP José Molleda
Batting: LHB José Román 0-0: Called Strike
0-1: Ball
1-1: SINGLE (Line Drive, 4MD)
Juan Huerta to second
Batting: RHB Raúl Maradona 0-0: Called Strike
0-1: Called Strike
0-2: Ball
1-2: Strikes out swinging
Batting: RHB Augusto Manuel 0-0: Ball
1-0: Foul Ball, location: 2F
1-1: Called Strike
1-2: DOUBLE (Flyball, 8RD)
Juan Huerta scores
José Román to third
Batting: RHB Igme Samson 0-0: Called Strike
0-1: Swinging Strike
0-2: Ball
1-2: Ball
2-2: Strikes out swinging
Top of the 7th over - 1 run, 3 hits, 0 errors, 2 left on base; Walla Walla 4 - Gwinnett County 1
BOTTOM OF THE 7TH
Gwinnett County Black Cats batting - Pitching for Walla Walla Walleye : LHP Greguorio Espora
Batting: RHB Elder Sarrano 0-0: Swinging Strike
0-1: Ball
1-1: Swinging Strike
1-2: Strikes out swinging
Batting: RHB Juan Nieves 0-0: Ball
1-0: SINGLE (Groundball, 56D)
Batting: LHB Jesús Guillén 0-0: Ground out U3 (Groundball, 3S)
Juan Nieves to second
Batting: RHB António Avery 0-0: Foul Ball, location: 2F
0-1: Foul Ball, location: 2F
0-2: Ball
1-2: Ball
2-2: Fly out, F4 (Line Drive, 4)
Bottom of the 7th over - 0 runs, 1 hit, 0 errors, 1 left on base; Walla Walla 4 - Gwinnett County 1
TOP OF THE 8TH
Walla Walla Walleye batting - Pitching for Gwinnett County Black Cats : LHP José Molleda
Batting: RHB Alejandro Blasco 0-0: Called Strike
0-1: Ball
1-1: Called Strike
1-2: Foul Ball, location: 2F
1-2: DOUBLE (Line Drive, 78D)
Batting: LHB Rurik Elhov 0-0: Called Strike
0-1: Ball
1-1: Ball
2-1: 2-RUN HOME RUN (Flyball, 9LD), Distance : 345 ft
Batting: RHB Germán Gracía 0-0: Ground out 5-3 (Groundball, 56)
Batting: RHB Dave Sosa 0-0: Called Strike
0-1: Swinging Strike
0-2: Foul Ball, location: 2F
0-2: Strikes out looking
Batting: LHB Juan Huerta 0-0: Foul Ball, location: 2F
0-1: Swinging Strike
0-2: Ground out 5-3 (Groundball, 25)
Top of the 8th over - 2 runs, 2 hits, 0 errors, 0 left on base; Walla Walla 6 - Gwinnett County 1
BOTTOM OF THE 8TH
Gwinnett County Black Cats batting - Pitching for Walla Walla Walleye : LHP Greguorio Espora
Now in RF: Mo Eayrs
Batting: LHB Collin Tolbert 0-0: Ball
1-0: Ball
2-0: Ball
3-0: Called Strike
3-1: Base on Balls
Batting: SHB Cameron Yaffe 0-0: Called Strike
0-1: Ball
1-1: Swinging Strike
1-2: Foul Ball, location: 2F
1-2: Foul Ball, location: 2F
1-2: Strikes out swinging
Batting: RHB Rod Shortall 0-0: Ball
1-0: Swinging Strike
1-1: Ball
2-1: Fly out, F8 (Line Drive, 8LD)
Batting: RHB Colm Shapland 0-0: Ball
1-0: Fly out, F9 (Line Drive, 89D)
Bottom of the 8th over - 0 runs, 0 hits, 0 errors, 1 left on base; Walla Walla 6 - Gwinnett County 1
TOP OF THE 9TH
Walla Walla Walleye batting - Pitching for Gwinnett County Black Cats : LHP José Molleda
Batting: LHB José Román 0-0: Ball
1-0: Ball
2-0: Ball
3-0: Base on Balls
Batting: RHB Raúl Maradona 0-0: Ball
1-0: Swinging Strike
1-1: Fly out, F8 (Flyball, 8LM)
Batting: RHB Augusto Manuel 0-0: Called Strike
0-1: Foul Ball, location: 2F
0-2: Fielders Choice at 2nd, 6-4 (Groundball, 6)
Batting: RHB Igme Samson 0-0: Called Strike
0-1: Called Strike
0-2: Ball
Augusto Manuel steals 2nd base
1-2: Foul Ball, location: 2F
1-2: Ball
2-2: Ground out 6-3 (Groundball, 6)
Top of the 9th over - 0 runs, 0 hits, 0 errors, 1 left on base; Walla Walla 6 - Gwinnett County 1
BOTTOM OF THE 9TH
Gwinnett County Black Cats batting - Pitching for Walla Walla Walleye : LHP Greguorio Espora
Pitching: RHP Art Manning
Now at C: Gustavo Ortíz
Batting: LHB Gilberto Ocasio 0-0: Ball
1-0: Called Strike
1-1: Ball
2-1: Swinging Strike
2-2: Strikes out looking
Batting: RHB Elder Sarrano 0-0: Called Strike
0-1: Ground out 6-3 (Groundball, 6)
Batting: RHB Juan Nieves 0-0: DOUBLE (Flyball, 78D)
Batting: LHB Jesús Guillén 0-0: Ball
1-0: Foul Ball, location: 2F
1-1: Called Strike
1-2: Strikes out swinging
Bottom of the 9th over - 0 runs, 1 hit, 0 errors, 1 left on base; Walla Walla 6 - Gwinnett County 1
Wednesday, September 19th, 2018 - OOTP Baseball 18.8 Build 76